 Dungeon Crawl Stone Soup version 0.30-b1-2-g02819fbbbe (webtiles) character file.

Game seed: 4908881416949101442

1282 Borgoz the Trooper (level 8, -1/71 HPs)
             Began as a Minotaur Fighter on June 25, 2023.
             Slain by a two-headed ogre
             ... wielding a +0 giant club
              (12 damage)
             ... on level 5 of the Dungeon.
             The game lasted 00:08:07 (4314 turns).

Borgoz the Trooper (Minotaur Fighter)               Turns: 4314, Time: 00:08:08

Health: -1/71      AC:  7    Str: 20    XL:     8   Next: 29%
Magic:  7/7        EV: 11    Int:  5    God:
Gold:   172        SH:  5    Dex: 13    Spells: 7/7 levels left

rFire   . . .        b - +0 falchion
rCold   . . .        c - +0 buckler
rNeg    . . .        l - +0 scale mail
rPois   .            (helmet restricted)
rElec   .            (no cloak)
rCorr   .            (no gloves)
SInv    +            (no boots)
Will    .....        (no amulet)
Stlth   +            h - ring of see invisible
HPRegen 0.31/turn    (no ring)
MPRegen 0.10/turn

%: no passive effects
@: invisible
A: horns 2, retaliatory headbutt
a: no special abilities


You were on level 5 of the Dungeon.
You visited 2 branches of the dungeon, and saw 6 of its levels.
You also visited: Sewer.

You collected 237 gold pieces.
You spent 65 gold pieces at shops.

Inventory:

Hand Weapons
 a - a +1 long sword of chaos
 b - a +0 falchion (weapon)
Missiles
 o - 4 poisoned darts (quivered)
Armour
 c - a +0 buckler (worn)
 l - a +0 scale mail (worn)
Jewellery
 h - a ring of see invisible (left hand)
Wands
 g - a wand of flame (29)
Scrolls
 d - a scroll of silence {unknown}
 n - a scroll of fog
 p - 2 scrolls of teleportation
 s - 3 scrolls of enchant armour {unknown}
 t - a scroll of fear {unknown}
Potions
 e - 2 potions of mutation
 i - a potion of attraction {unknown}
 j - a potion of flight {unknown}
 m - 3 potions of ambrosia {unknown}
 q - a potion of curing {unknown}
 r - a potion of brilliance {unknown}


   Skills:
 * Level 6.7 Fighting
 * Level 6.1 Long Blades
 + Level 0.0 Throwing
 * Level 6.6 Armour
 * Level 3.8 Dodging
 + Level 2.8 Stealth
 - Level 5.0 Shields
 + Level 0.0 Evocations


You had 7 spell levels left.
You didn't know any spells.
Your spell library contained the following spells:

 Spells                   Type           Power      Damage    Failure   Level
 Sting                    Tmut/Pois      0%         1d3       86%         1
 Poisonous Vapours        Pois/Air       0%         N/A       95%         2
 Vhi's Electric Charge    Tloc/Air       0%         N/A       99%         3
 Olgreb's Toxic Radiance  Pois           0%         N/A       100%        4
 Arcjolt                  Conj/Air       0%         1d10      100%        5
 Plasma Beam              Fire/Air       0%         2x1d11    100%        6


Dungeon Overview and Level Annotations

Branches:
Dungeon (5/15)             Temple (1/1) D:5           Sewer (visited)

Altars:
Dithmenos
Elyvilon
Fedhas
Gozag
Kikubaaqudgha
Makhleb
Nemelex Xobeh
Okawaru
Qazlal
Ru
Sif Muna
Uskayaw
Vehumet
Wu Jian
Xom
Yredelemnul
Zin
The Shining One

Shops:
D:3 *


Innate Abilities, Weirdness & Mutations

You have a pair of horns on your head.
You reflexively headbutt those who attack you in melee.


Message History

The two-headed ogre is moderately wounded.
An orc comes into view. It is wielding a +0 club.
The orc shouts!
You hit the two-headed ogre.
The two-headed ogre is moderately wounded.
The two-headed ogre barely misses you.
The two-headed ogre hits you with a +0 giant club.
You hit the two-headed ogre. You headbutt the two-headed ogre!
The two-headed ogre is severely wounded.
The two-headed ogre closely misses you. You block the two-headed ogre's attack.
An orc priest comes into view. It is wielding a +0 hand axe.
You barely miss the two-headed ogre.
You headbutt the two-headed ogre, but do no damage.
The two-headed ogre is severely wounded.
The two-headed ogre barely misses you.
The two-headed ogre hits you with a +0 giant club!
You barely miss the two-headed ogre. You headbutt the two-headed ogre.
The two-headed ogre is severely wounded.
An orc wizard comes into view. It is wielding a +4 dagger.
Sorry, you're not good enough to have a special ability.
The orc wizard shouts!
You hit the two-headed ogre but do no damage.
You headbutt the two-headed ogre.
The two-headed ogre is almost dead.
You block the two-headed ogre's attack.
The two-headed ogre hits you with a +0 giant club!!
* * * LOW HITPOINT WARNING * * *
You fade into invisibility!
The two-headed ogre barely misses you. You block the two-headed ogre's attack.
You hit the two-headed ogre but do no damage.
Your headbutt misses the two-headed ogre.
The two-headed ogre is severely wounded.
The orc wizard gestures wildly while chanting.
The orc wizard flickers and vanishes for a moment.
You catch the helpless two-headed ogre completely off-guard!
You hit the two-headed ogre but do no damage.
You headbutt the two-headed ogre!
The two-headed ogre is almost dead.
The two-headed ogre hits you with a +0 giant club!
You die...

.... #... #... ..# .o#
#######o# ......o5# #O#
#@# #.# #.#
#########.###
#...<)......#
#.######....###########
#.# #.....<.........#
#.# ##...##########.#
#.# ##.## #.#


You could see a two-headed ogre (unable to see you), an orc priest (unable to
see you), an orc wizard (invisible, unable to see you), an orc (unable to see
you) and an ufetubus (unable to see you).

Vanquished Creatures
  Pikel (D:4)
  The ghost of HumbleHazard the Trooper, an amateur MiFi (D:4)
  A black bear (D:5)
  Pargi (Sewer)
  A lemure (D:4)
  A scorpion (D:4)
  A hound (D:4)
  4 orc priests
  An iguana (D:4)
  An orc wizard (D:4)
  Robin (D:4)
  A gnoll (D:1)
  10 adders
  3 worms
  2 dart slugs
  12 orcs
  7 endoplasms
  5 giant cockroaches
  8 hobgoblins
  6 quokkas
  6 ball pythons
  10 bats
  12 frilled lizards
  12 goblins
  11 kobolds
  6 rats
125 creatures vanquished.

Vanquished Creatures (others)
  7 plants (D:2)
7 creatures vanquished.

Grand Total: 132 creatures vanquished

Notes
Turn   | Place    | Note
-------+----------+-------------------------------------------
     0 | D:1      | Borgoz the Minotaur Fighter began the quest for the Orb.
     0 | D:1      | Reached XP level 1. HP: 19/19 MP: 0/0
    32 | D:1      | Reached XP level 2. HP: 1/27 MP: 1/1
   521 | D:1      | Reached XP level 3. HP: 33/33 MP: 2/2
   628 | D:2      | Found a faded altar of an unknown god.
  1707 | D:3      | Reached XP level 4. HP: 36/40 MP: 3/3
  1714 | D:3      | Reached skill level 1 in Dodging
  1715 | D:3      | Reached skill level 1 in Stealth
  2027 | D:3      | Found a shimmering blue altar of Sif Muna.
  2065 | D:3      | Found Futidi Duown's General Store.
  2100 | D:3      | Bought a scroll of identify for 26 gold pieces
  2100 | D:3      | Bought a scroll of teleportation for 39 gold pieces
  2273 | D:3      | Reached XP level 5. HP: 27/47 MP: 4/4
  2669 | D:4      | Found a glowing drain.
  2670 | D:4      | Noticed Pikel
  2670 | D:4      | Noticed a lemure
  2671 | D:4      | Noticed a lemure
  2671 | D:4      | Noticed a lemure
  2671 | D:4      | Noticed a lemure
  2688 | D:4      | Killed a lemure
  2719 | D:4      | Killed Pikel
  2720 | D:4      | Reached skill level 5 in Fighting
  2720 | D:4      | Reached skill level 5 in Armour
  2720 | D:4      | Reached skill level 5 in Shields
  2720 | D:4      | Reached XP level 6. HP: 52/57 MP: 5/5
  2720 | D:4      | Reached XP level 7. HP: 56/62 MP: 6/6
  2736 | D:4      | Reached skill level 5 in Long Blades
  2793 | Sewer    | Entered a sewer
  2896 | Sewer    | Noticed Pargi
  2905 | Sewer    | Killed Pargi
  2996 | D:4      | Noticed Robin
  3005 | D:4      | Killed Robin
  3065 | D:4      | Found a hide-covered altar of Uskayaw.
  3066 | D:4      | Found a shimmering altar of Xom.
  3067 | D:4      | Found an opulent altar of Gozag.
  3068 | D:4      | Found an ornate altar of the Wu Jian Council.
  3068 | D:4      | Found a glowing silver altar of Zin.
  3226 | D:4      | Reached XP level 8. HP: 37/70 MP: 7/7
  3602 | D:4      | Found a runed translucent gate.
  3602 | D:4      | Found a runed translucent gate.
  3602 | D:4      | Found a runed translucent gate.
  3606 | D:4      | Noticed HumbleHazard's ghost (amateur MiFi)
  3644 | D:4      | Killed HumbleHazard's ghost
  3956 | D:5      | Entered Level 5 of the Dungeon
  4153 | D:5      | Found a staircase to the Ecumenical Temple.
  4248 | Temple   | Entered the Ecumenical Temple
  4301 | D:5      | Noticed a two-headed ogre
  4314 | D:5      | Slain by a two-headed ogre

Illustrated notes

Levels and vault maps discovered:
D:1:      dpeg_arrival_rhombus, layout_rooms, chequers_serial_rivers_marsh
D:2:      minmay_razor_zed, layout_basic, ebering_ecumenical_altar_sacrificial,
          minmay_lizard_king
D:3:      layout_rooms, led_sif_pool, serial_shops, shop
D:4:      layout_loops_ring, grunt_temple_overflow_open, gup_sewer_entry_glass,
          ebering_ghost_rock_garden, uniq_pikel, uniq_robin
D:5:      layout_loops_corners, minmay_temple_entry_nine_rooms,
          uniq_blork_the_orc, uniq_edmund
Temple:   hellmonk_temple_two_chambers

Skill      XL: |  1  2  3  4  5  6  7  8 |
---------------+-------------------------+-----
Shields        | 4 5 |  5.0
Fighting       | 4 5 6 |  6.7
Armour         | 4 5 6 |  6.6
Long Blades    | 3 4 5 6 |  6.1
Dodging        | 1 3 |  3.8
Stealth        | 1 2 |  2.8

Action                     |  1- 3 |  4- 6 |  7- 9 || total
---------------------------+-------+-------+-------++-------
  Melee: Long sword        |    96 |    34 |       ||   130
         Headbutt          |     7 |    13 |    40 ||    60
         Falchion          |       |    72 |   148 ||   220
  Throw: Throwing net      |       |       |     1 ||     1
  Evoke: Wand              |       |       |     2 ||     2
    Use: Potion            |     1 |     4 |     3 ||     8
         Scroll            |    11 |     1 |     1 ||    13
   Stab: Held in net/web   |       |       |     1 ||     1
         Invisible         |       |       |     1 ||     1
 Armour: Scale mail        |    43 |    37 |    49 ||   129
  Dodge: Dodged            |    55 |    44 |    77 ||   176
  Block: Buckler           |    21 |    17 |    40 ||    78
